 Dungeon Crawl Stone Soup version 0.30-a0-1113-ga8025317a9 (webtiles) character file.

Game seed: 8661390481304380019

5766 KristoblXynda the Cleaver (level 10, -2/136 HPs)
             Began as a Pale Draconian Berserker on Apr 20, 2023.
             Was a High Priest of Trog.
             Slain by an orc warrior
             ... wielding a +0 glaive
              (6 damage)
             ... in a bailey.
             The game lasted 00:14:09 (8761 turns).

KristoblXynda the Cleaver (DrBe)                    Turns: 8761, Time: 00:14:10

Health: -2/136     AC:  8    Str: 20    XL:     10   Next: 49%
Magic:  10/10      EV: 31    Int: 11    God:    Trog [*****.]
Gold:   234        SH:  0    Dex: 17    Spells: 9/9 levels left

rFire   . . .      SeeInvis .    t - +1 war axe (flame)
rCold   . . .      Faith    .    (no shield)
rNeg    . . .      Spirit   .    (body armour unavailable)
rPois   .          Reflect  .    (helmet restricted)
rElec   .          Rampage  .    (no cloak)
rCorr   .                        i - +0 pair of gloves
Will    .....                    (no boots) Stlth
                                 r - amulet of the acrobat
HPRegen 0.42/turn                g - +4 ring of slaying
MPRegen 0.12/turn                o - +6 ring of dexterity

@: berserking, short of breath, acrobatic, very quick
A: breathe steam, AC +7, unfitting armour, cold-blooded, steam resistance
a: Breathe Steam, Renounce Religion, Berserk, Trog's Hand, Brothers in Arms


You were in a bailey.
You worshipped Trog.
Trog was extremely pleased with you.
You visited 2 branches of the dungeon, and saw 10 of its levels.
You also visited: Ossuary and Bailey.

You collected 501 gold pieces.
You spent 267 gold pieces at shops.

Inventory:

Hand Weapons
 t - a +1 war axe of flaming (weapon)
Missiles
 m - 2 throwing nets (quivered)
 p - 8 javelins
Armour
 i - a +0 pair of gloves (worn)
 v - a scarf of invisibility
Jewellery
 c - the ring of the Chewing Pariah {rC+ AC+4 Str+2 Slay-4}
   (You found it on level 7 of the Dungeon)

   [ring of protection]

   AC:        It affects your AC (+4).
   Str:       It affects your strength (+2).
   Slay:      It affects your accuracy & damage with ranged weapons and melee
   (-4).
   rC:        It protects you from cold.
 g - a +4 ring of slaying (left hand)
 j - a +5 ring of evasion
 o - a +6 ring of dexterity (right hand)
 r - an amulet of the acrobat (around neck)
Wands
 w - a wand of roots (9)
Scrolls
 b - 9 scrolls of teleportation
 f - 2 scrolls of enchant armour
 h - 4 scrolls of magic mapping
 k - 3 scrolls of vulnerability
 l - 3 scrolls of butterflies
 s - 3 scrolls of immolation
 y - 2 scrolls of identify
Potions
 a - 4 potions of lignification
 d - 6 potions of heal wounds
 e - 4 potions of invisibility
 n - 2 potions of cancellation
 q - 2 potions of resistance
 u - 3 potions of mutation
 z - a potion of might
 A - a potion of brilliance


   Skills:
 + Level 9.1 Fighting
 + Level 11.2 Axes
 + Level 7.6 Dodging
 + Level 3.7 Evocations


You had 9 spell levels left.
You didn't know any spells.
Your spell library contained the following spells:

 Spells                   Type           Power      Damage    Failure   Level
 Ensorcelled Hibernation  Hex/Ice        0%         N/A       47%         2
 Passwall                 Tmut/Erth      0%         N/A       47%         2
 Swiftness                Air            0%         N/A       71%         3


Dungeon Overview and Level Annotations

Branches:
Dungeon (9/15)             Temple (1/1) D:7         Ossuary (visited)
 Bailey (1/1)
   Lair: D:8-11         Orc: D:9-12

Altars:
Ashenzari
Cheibriados
Dithmenos
Elyvilon
Fedhas
Gozag
Hepliaklqana
Kikubaaqudgha
Nemelex Xobeh
Okawaru
Qazlal
Ru
Sif Muna
Trog
Uskayaw
Vehumet
Wu Jian
Xom
Yredelemnul
Zin
The Shining One

Shops:
D:2 (   D:7 =[?

Portals:
Abyss: D:5


Innate Abilities, Weirdness & Mutations

You can breathe blasts of scalding, opaque steam.
Your pale cyan-grey scales are hard. (AC +7)
You cannot fit into any form of body armour.
You are cold-blooded and may be slowed by cold attacks.
You are immune to the effects of steam.


Message History

The orc warrior hits you but does no damage.
The orc completely misses you.
Unknown command.
You completely miss the orc warrior.
The orc warrior is moderately wounded.
The orc warrior is engulfed in a cloud of scalding steam.
The orc warrior closely misses you.
The orc warrior is engulfed in a cloud of scalding steam.
The orc is engulfed in a cloud of scalding steam.
You kill the orc!
Trog accepts your kill. The orc warrior closely misses you.
You hit the orc warrior but do no damage.
The orc warrior is heavily wounded.
The orc warrior hits you from afar with a +0 glaive!!
The orc warrior closely misses you.
Unknown command.
The orc warrior hits you with a +0 halberd!
The orc warrior completely misses you.
The orc warrior hits you from afar with a +0 halberd!!
* * * LOW HITPOINT WARNING * * *
The orc completely misses you.
Unknown command.
Unknown command.
A red film seems to cover your vision as you go berserk!
You feel yourself moving faster!
You feel mighty!
The orc warrior hits you with a +0 halberd.
* * * LOW HITPOINT WARNING * * *
The orc warrior misses you.
The orc warrior hits you with a +0 glaive!
* * * LOW HITPOINT WARNING * * *
The orc hits you from afar with a +0 spear.
* * * LOW HITPOINT WARNING * * *
The orc warrior hits you from afar with a +0 halberd!
* * * LOW HITPOINT WARNING * * *
You closely miss the orc warrior. You barely miss the orc warrior.
You closely miss the orc warrior.
Unknown command.
The orc warrior hits you from afar with a +0 glaive.
You die...

.....∩∩∩..≈....≈.#..'.o....≈≈≈~~)
.≈≈..⌠.⌠..≈.≈≈.≈.#..'......≈≈≈~≈≈
≈.≈≈≈...≈≈≈.≈.≈≈.#..#####...≈≈≈~~
≈≈..≈≈≈≈≈..≈≈.≈.##..#≈≈.≈≈....≈≈≈
.≈≈≈.....≈≈≈.≈≈.#⌠..#≈≈≈c≈.......
...≈≈≈≈≈≈≈.)≈≈).#oo.#≈≈≈.≈≈.⌠....
.≈≈.......≈≈≈.⌠.#.o.#≈≈≈≈.≈......
..≈≈≈≈≈≈≈≈≈....##.o.#≈≈≈≈.≈≈≈....
...........#####@o..#≈≈≈≈≈..≈≈≈..
#'##########⌠.......#≈≈≈≈≈≈≈.c≈≈≈
..........)........###≈≈≈≈≈≈≈≈...
.......)))).......##
≈≈≈≈≈≈≈≈≈≈≈≈≈≈≈≈≈##
##################


You could see 4 orc warriors and an orc.

Vanquished Creatures
  The ghost of Jano the Magician, a novice DjCj (D:5)
  An ugly thing (D:8)
  Maggie (D:6)
  Psyche (D:8)
  3 yaks (D:8)
  4 steam dragons
  Eustachio (D:4)
  2 small abominations (D:5)
  Menkaure (D:7)
  Duvessa (D:7)
  A black bear (D:5)
  5 orc warriors (Bailey)
  2 ogres
  2 sky beasts
  4 centaurs
  2 phantoms (D:5)
  3 kobold brigands
  A bullfrog (D:9)
  Blork the orc (D:6)
  A scorpion (D:6)
  Dowan (D:7)
  A howler monkey (D:8)
  A centaur zombie (Ossuary)
  A human zombie (Ossuary)
  2 jellies
  6 orc priests
  3 hounds
  An iron imp (D:5)
  A gnoll bouda (D:6)
  2 sleepcaps
  Natasha (twice) (D:4)
  2 iguanas
  5 orc wizards
  4 mummies
  8 gnolls
  5 adders
  A shadow imp (D:5)
  5 white imps
  An ufetubus (D:5)
  A worm (D:4)
  3 dart slugs
  56 orcs
  4 bats
  4 endoplasms
  5 giant cockroaches
  A gnoll zombie (Ossuary)
  8 goblins
  9 hobgoblins
  3 jackals (D:2)
  20 kobolds
  5 quokkas
  5 ball pythons
  3 frilled lizards
  A goblin zombie (Ossuary)
  2 hobgoblin zombies (Ossuary)
  2 kobold zombies
  2 orc zombies
  3 rats
227 creatures vanquished.

Notes
Turn   | Place    | Note
-------+----------+-------------------------------------------
     0 | D:1      | KristoblXynda the Draconian Berserker began the quest for
                  | the Orb.
     0 | D:1      | Reached XP level 1. HP: 19/19 MP: 1/1
   181 | D:1      | Reached XP level 2. HP: 24/26 MP: 2/2
   620 | D:2      | Reached ** piety under Trog
   677 | D:2      | Found a faded altar of an unknown god.
   697 | D:2      | Reached XP level 3. HP: 31/31 MP: 3/3
   743 | D:2      | Identified the +3 sling of Eternal Vigilance {elec, rN+}
   820 | D:2      | Found Xueptiol's Antique Weapon Boutique.
  1296 | D:3      | Reached skill level 4 in Axes
  1381 | D:3      | Reached XP level 4. HP: 32/40 MP: 4/4
  1443 | D:3      | Found a stormy altar of Qazlal.
  1443 | D:3      | Found a glowing golden altar of the Shining One.
  1911 | D:3      | Reached XP level 5. HP: 39/46 MP: 5/5
  2063 | D:4      | Noticed Natasha
  2078 | D:4      | Killed Natasha
  2078 | D:4      | Reached *** piety under Trog
  2079 | D:4      | Reached skill level 5 in Axes
  2416 | D:4      | Found a shimmering blue altar of Sif Muna.
  2480 | D:4      | Reached XP level 6. HP: 26/53 MP: 6/6
  2883 | D:4      | Noticed Natasha
  2891 | D:4      | Killed Natasha
  2928 | D:4      | Noticed Eustachio
  2945 | D:4      | Killed Eustachio
  2946 | D:4      | Reached skill level 5 in Fighting
  2946 | D:4      | Reached skill level 6 in Axes
  3019 | D:4      | Found a radiant altar of Vehumet.
  3386 | D:5      | Entered Level 5 of the Dungeon
  3393 | D:5      | Your scales start taking on a pale cyan-grey colour.
  3393 | D:5      | Reached XP level 7. HP: 24/61 MP: 7/7
  3393 | D:5      | Gained mutation: You are immune to the effects of steam.
                  | [Pale Draconian growth]
  3549 | D:5      | Reached skill level 7 in Axes
  4000 | D:5      | Reached skill level 5 in Dodging
  4000 | D:5      | Reached XP level 8. HP: 66/70 MP: 8/8
  4020 | D:5      | Found a transporter.
  4189 | D:5      | Found a transporter.
  4196 | D:5      | Found a one-way gate to the infinite horrors of the Abyss.
  4198 | D:5      | Noticed Jano's ghost (novice DjCj)
  4209 | D:5      | Killed Jano's ghost
  4210 | D:5      | Reached skill level 8 in Axes
  4391 | D:5      | Found a sacrificial altar of Ru.
  4505 | D:6      | Noticed Maggie
  4634 | D:6      | Killed Maggie
  4635 | D:6      | Reached skill level 9 in Axes
  4635 | D:6      | Reached XP level 9. HP: 79/79 MP: 9/9
  4701 | D:6      | Reached **** piety under Trog
  4841 | D:6      | Noticed Blork the orc
  4848 | D:6      | Killed Blork the orc
  5398 | D:7      | Found a sand-covered staircase.
  5406 | Ossuary  | Entered an ossuary
  5731 | D:7      | Found a staircase to the Ecumenical Temple.
  5736 | D:7      | Reached skill level 10 in Axes
  5744 | Temple   | Entered the Ecumenical Temple
  6053 | D:7      | Found Dacuth's Jewellery Shoppe.
  6135 | D:7      | Identified the ring of the Chewing Pariah {rC+ AC+4 Str+2
                  | Slay-4}
  6173 | D:7      | Noticed Menkaure
  6177 | D:7      | Killed Menkaure
  6179 | D:7      | Found an iron altar of Okawaru.
  6183 | D:7      | Found Roifra's Magic Scroll Shoppe.
  6192 | D:7      | Bought a scroll of teleportation for 45 gold pieces
  6192 | D:7      | Bought a scroll of identify for 30 gold pieces
  6213 | D:7      | Found Pinurgh's Antique Armour Boutique.
  6220 | D:7      | Bought a runed scarf for 192 gold pieces
  6322 | D:7      | Found a glowing silver altar of Zin.
  6322 | D:7      | Noticed Duvessa
  6322 | D:7      | Noticed Dowan
  6325 | D:7      | Killed Dowan
  6329 | D:7      | Killed Duvessa
  6380 | D:7      | Found a broken altar of Ashenzari.
  6383 | D:7      | Found a hazy altar of Hepliaklqana.
  6562 | D:8      | Reached skill level 1 in Evocations
  6920 | D:8      | Found a hide-covered altar of Uskayaw.
  6932 | D:8      | Noticed Psyche
  6936 | D:8      | Killed Psyche
  6937 | D:8      | Reached XP level 10. HP: 64/90 MP: 10/10
  7151 | D:8      | Noticed a purple ugly thing
  7158 | D:8      | Killed a purple ugly thing
  7422 | D:8      | Reached skill level 11 in Axes
  7759 | D:8      | Identified the +11 trident "Vitauvvi" {pain, rC+ Str+4
                  | Dex-5}
  7983 | D:9      | Found an ornate altar of the Wu Jian Council.
  8043 | D:9      | Found a flagged portal.
  8058 | Bailey   | Entered a bailey
  8064 | Bailey   | Reached ***** piety under Trog
  8759 | Bailey   | HP: 4/136 [orc warrior/+0 halberd (16)]
  8761 | Bailey   | Slain by an orc warrior

Illustrated notes

Levels and vault maps discovered:
D:1:      dpeg_chamrin_arrival_tetris, layout_rooms
D:2:      layout_basic, serial_shops, nicolae_shop_tiny_waterfront,
          hellmonk_ecumenical_altar_crossroads
D:3:      layout_loops_cross, minitemple
D:4:      layout_gridville, nicolae_overflow_crystal_walls,
          nicolae_sif_muna_little_library, kennysheep_generic_room_9,
          uniq_eustachio, uniq_natasha
D:5:      layout_cave_pools, mainiacjoe_overflow_brackets,
          gammafunk_ghost_abyssal_escape
D:6:      layout_gridville, uniq_blork_the_orc, uniq_maggie
D:7:      layout_loops_ring, grunt_temple_overflow_diamond, okawaru_trees_1,
          minmay_temple_entry_junction, nicolae_ossuary_entry_giza,
          serial_shops, nicolae_shop_pleasant_corner_grove, shop_fountains,
          nicolae_shop_tiny_statue_garden, uniq_menkaure, uniq_duvessa
D:8:      layout_layer_cave, nicolae_uskayaw_dance_hall, uniq_psyche
D:9:      layout_basic, lemuel_crystal_altar, enter_bailey_4
Temple:   chequers_temple_sunken
Bailey:   bailey_polearm_flooded_kennysheep, bailey

Skill      XL: |  1  2  3  4  5  6  7  8  9 10 |
---------------+-------------------------------+-----
Dodging        | 3 4 5 6 7 |  7.6
Axes           | 4 5 6 7 9 10 11 | 11.2
Fighting       | 4 5 6 7 8 9 |  9.1
Evocations     | 2 3 |  3.7

Action                     |  1- 3 |  4- 6 |  7- 9 | 10-12 || total
---------------------------+-------+-------+-------+-------++-------
  Melee: Hand axe          |   111 |     6 |       |       ||   117
         Tailslap          |     8 |    12 |    35 |    21 ||    76
         War axe           |       |    87 |   222 |   100 ||   409
         Punch             |       |     1 |     3 |       ||     4
 Invoke: Berserk           |     1 |     3 |     4 |     2 ||    10
Ability: Breathe Steam     |       |       |     2 |     6 ||     8
    Use: Scroll            |     2 |     4 |    12 |     2 ||    20
         Potion            |       |       |       |     1 ||     1
   Stab: Sleeping          |       |       |     3 |       ||     3
 Armour: Skin              |    43 |    30 |    42 |    24 ||   139
  Dodge: Dodged            |    73 |   108 |   155 |   181 ||   517

Table legend: (Time is in decaauts)
 A = Elapsed time spent in this place.
 B = Non-inter-level travel time spent in this place.
 C = Inter-level travel time spent in this place.
 D = Time resting spent in this place.
 E = Time spent auto-exploring this place.
 F = Levels seen in this place.
 G = Mean time per level.
                   A        B        C        D        E       F      G
               +--------+--------+--------+--------+--------+-----+--------+
         Total |   8954 |   8682 |    272 |   2132 |   4917 |  12 |  746.2 |
       Dungeon |   7822 |   7581 |    241 |   1710 |   4650 |   9 |  869.1 |
        Temple |    223 |    192 |     31 |      0 |    185 |   1 |  223.0 |
       Ossuary |    209 |    209 |      0 |     30 |     32 |   1 |  209.0 |
        Bailey |    698 |    698 |      0 |    392 |     50 |   1 |  698.0 |
               +--------+--------+--------+--------+--------+-----+--------+

Top non-repeatable levels by time:
     D:4: 1473 daAuts
     D:8: 1437 daAuts
     D:5: 1136 daAuts
     D:6: 908 daAuts
     D:7: 788 daAuts
     D:3: 716 daAuts
     D:2: 703 daAuts
  Bailey: 698 daAuts
     D:1: 576 daAuts
  Temple: 223 daAuts
 Ossuary: 209 daAuts
     D:9: 81 daAuts
